 Dungeon Crawl Stone Soup version 0.30.1-4-g462c640d31 (webtiles) character file.

Game seed: 17105283789573580041

54 Wiggles the Chopper (level 3, -4/49 HPs)
             Began as a Minotaur Berserker on Aug 18, 2023.
             Was a Believer of Trog.
             Slain by Terence
             ... wielding a +0 trident
              (5 damage)
             ... on level 2 of the Dungeon.
             The game lasted 00:02:19 (1447 turns).

Wiggles the Chopper (Minotaur Berserker)            Turns: 1447, Time: 00:02:19

Health: -4/49      AC:  7    Str: 23    XL:     3   Next: 66%
Magic:  2/2        EV: 11    Int:  4    God:    Trog [**....]
Gold:   74         SH:  0    Dex:  9    Spells: 2/2 levels left

rFire   + . .        a - +0 hand axe
rCold   . . .        (no shield)
rNeg    . . .        f - +0 ring mail
rPois   .            (helmet restricted)
rElec   .            (no cloak)
rCorr   .            (no gloves)
SInv    +            (no boots)
Will    .....        (no amulet) Stlth
                     h - ring of protection from fire
HPRegen 0.28/turn    k - ring of see invisible
MPRegen 0.08/turn

%: no passive effects
@: brilliant, berserking, lethally poisoned (-4 -> -7), very quick
A: horns 2, retaliatory headbutt, iridescent scales 1, screaming 1
a: Renounce Religion, Berserk, Trog's Hand


You were on level 2 of the Dungeon.
You worshipped Trog.
Trog was pleased with you.
You visited 1 branch of the dungeon, and saw 2 of its levels.

You collected 74 gold pieces.

Inventory:

Hand Weapons
 a - a +0 hand axe (weapon)
Armour
 f - a +0 ring mail (worn)
Jewellery
 h - a ring of protection from fire (left hand)
 k - a ring of see invisible (right hand)
 l - an amulet of guardian spirit
Scrolls
 b - a scroll of teleportation {unknown}
 c - 2 scrolls of identify {unknown}
 g - a scroll of amnesia {unknown}
 i - a scroll of enchant weapon {unknown}


   Skills:
 + Level 4.2 Fighting
 + Level 4.6 Axes
 + Level 2.9 Armour
 + Level 2.7 Dodging


You had 2 spell levels left.
You didn't know any spells.
Your spell library was empty.

Dungeon Overview and Level Annotations

Branches:
Dungeon (2/15)

Altars:

Annotations:
D:2 Terence


Innate Abilities, Weirdness & Mutations

You have a pair of horns on your head.
You reflexively headbutt those who attack you in melee.
You are partially covered in iridescent scales. (AC +2)
You occasionally shout uncontrollably at your foes.


Message History

It was a potion of mutation.
You feel extremely strange.
Iridescent scales grow over part of your body.
You feel the urge to shout.
You feel sick. The adder bites you but does no damage.
The adder barely misses you. Terence barely misses you.
It was a potion of brilliance.
You feel clever all of a sudden.
You feel sick. The adder bites you but does no damage.
Terence closely misses you.
It was a potion of berserk rage.
A red film seems to cover your vision as you go berserk!
You feel yourself moving faster!
You feel mighty!
You feel sick. The adder bites you but does no damage.
Terence looks scornfully at you. Terence barely misses you.
You miss the adder. Your headbutt misses the adder.
The adder is almost dead.
You feel sick. The adder barely misses you.
You closely miss the adder. Your headbutt misses the adder.
The adder is almost dead.
The adder bites you.
* * * LOW HITPOINT WARNING * * *
You are lethally poisoned!
The adder poisons you! Terence closely misses you.
You barely miss the adder. Your headbutt misses the adder.
The adder is almost dead.
* * * LOW HITPOINT WARNING * * *
You feel sick. The adder bites you but does no damage.
Terence hits you from afar with a +0 trident.
* * * LOW HITPOINT WARNING * * *
You closely miss the adder. You headbutt the adder.
You kill the adder!
Trog accepts your kill.
* * * LOW HITPOINT WARNING * * *
You feel sick. Terence closely misses you.
You see here an adder corpse.
You feel a strong urge to attack something.
* * * LOW HITPOINT WARNING * * *
You feel sick. Terence hits you with a +0 trident.
You die...

.#.##.##.##.####
.#..)....##....#
.#############.#
## #.# #.# #.#
#.# #.### #.†@#
########@#
......K.K#
.........#
.........#
.........#
.......$.#
.........#
.........#


You could see Terence and a kobold.

Vanquished Creatures
  2 adders (D:2)
  7 endoplasms
  5 goblins
  2 hobgoblins (D:2)
  A quokka (D:1)
  3 ball pythons
  2 bats (D:1)
  2 frilled lizards (D:2)
  4 kobolds
  8 rats
36 creatures vanquished.

Notes
Turn   | Place    | Note
-------+----------+-------------------------------------------
     0 | D:1      | Wiggles the Minotaur Berserker began the quest for the Orb.
     0 | D:1      | Reached XP level 1. HP: 19/19 MP: 0/0
   174 | D:1      | Reached XP level 2. HP: 22/27 MP: 1/1
  1195 | D:2      | Reached XP level 3. HP: 33/33 MP: 2/2
  1350 | D:2      | Reached ** piety under Trog
  1424 | D:2      | Noticed Terence
  1439 | D:2      | Gained mutation: You are partially covered in iridescent
                  | scales. (AC +2) [potion of mutation]
  1439 | D:2      | Gained mutation: You occasionally shout uncontrollably at
                  | your foes. [potion of mutation]
  1445 | D:2      | HP: 2/49 [poisoned by an adder]
  1447 | D:2      | Slain by Terence

Illustrated notes

Levels and vault maps discovered:
D:1:      ncdulo_lavacross, layout_loops_corners, grunt_decor_clamped
D:2:      layout_basic, serial_glass, glass_columns_a, glass_columns_c,
          kennysheep_generic_room_9, uniq_terence

Skill      XL: |  1  2 |
---------------+-------+-----
Fighting       | 4 |  4.2
Axes           | 4 |  4.6
Armour         | |  2.9
Dodging        | |  2.7

Action                     || total
---------------------------++-------
  Melee: Hand axe          ||    84
         Headbutt          ||     7
    Use: Potion            ||     3
 Armour: Animal skin       ||     1
         Ring mail         ||    25
  Dodge: Dodged            ||    57
